General information
- name: BNet
- type: Ladder team game (AT/RT)
- host: Battle.net
- saver: ChiefSitsOnDix
map: Monsoon
- players: 6
- length: 37:41
- speed: Fast
- version: 1.21 W3XP
- replay type: Public
» download(263 KB)
Players
team 1 (loser)
Gx.Boram (
purple | 122 APM | 4579 actions | 37:40)
9 Priestess of the Moon
3 Searing Arrows
3 Trueshot Aura
2 Scout
1 Starfall
» actions
| Assign group hotkey | 75 | |
| Basic commands | 466 | |
| Build / train | 92 | |
| Enter build submenu | 24 | |
| Enter hero's abilities submenu | 10 | |
| Give item / drop item | 2 | |
| Right click | 2236 | |
| Select / deselect | 435 | |
| Select group hotkey | 1137 | |
| Use ability | 101 | |
4579 total
» units
| Wisp | 21 | |
| Huntress | 11 | |
| Chimaera | 9 | |
| Hippogryph | 8 | |
| Druid of the Talon | 1 | |
50 total
» upgrades
| Strength of the Moon | 2 | |
| Moon Armor | 2 | |
| Ultravision | 1 | |
| Well Spring | 1 | |
| Strength of the Wild | 3 | |
| Reinforced Hides | 3 | |
| Nature's Blessing | 1 | |
| Corrosive Breath | 1 | |
| Druid of the Talon Training | 1 | |
15 total
» buildings
| Altar of Elders | 2 | |
| Moon Well | 8 | |
| Ancient of War | 2 | |
| Hunter's Hall | 1 | |
| Tree of Life | 5 | |
| Tree of Ages | 1 | |
| Tree of Eternity | 1 | |
| Ancient of Wind | 2 | |
| Ancient of Wonders | 1 | |
| Chimaera Roost | 3 | |
26 total
» build order
00:05 Altar of Elders
00:08 Altar of Elders
00:17 Moon Well
01:36 Ancient of War
01:41 Hunter's Hall
01:49 Moon Well
02:27 Ancient of War
02:51 Moon Well
04:05 Moon Well
05:31 Moon Well
06:11 Tree of Life
08:10 Tree of Ages
11:09 Tree of Eternity
12:48 Ancient of Wind
13:00 Ancient of Wonders
14:14 Chimaera Roost
15:53 Chimaera Roost
17:37 Chimaera Roost
19:10 Moon Well
21:55 Ancient of Wind
22:02 Moon Well
23:43 Moon Well
32:04 Tree of Life
34:39 Tree of Life
35:36 Tree of Life
37:24 Tree of Life
» items
| Scroll of Regeneration | 3 | |
| Tome of Retraining | 1 | |
| Potion of Invisibility | 1 | |
| Staff of Teleportation | 1 | |
| Scroll of Town Portal | 1 | |
| Potion of Healing | 1 | |
| Anti-magic Potion | 1 | |
| Boots of Speed | 1 | |
| Scroll of Healing | 1 | |
11 total
Gx.i (
pink | 76 APM | 2874 actions | 37:40)
5 Archmage
3 Blizzard
2 Brilliance Aura
5 Blood Mage
2 Flame Strike
3 Siphon Mana
3 Pit Lord
2 Rain of Fire
1 Cleaving Attack
» actions
| Assign group hotkey | 42 | |
| Basic commands | 142 | |
| Build / train | 205 | |
| ESC pressed | 12 | |
| Enter build submenu | 40 | |
| Enter hero's abilities submenu | 13 | |
| Give item / drop item | 5 | |
| Remove unit from queue | 15 | |
| Right click | 745 | |
| Select / deselect | 790 | |
| Select group hotkey | 669 | |
| Use ability | 194 | |
2874 total
» units
| Peasant | 29 | |
| Siege Engine | 52 | |
| Flying Machine | 4 | |
85 total
» upgrades
| Masonry | 2 | |
| Gunpowder | 3 | |
| Plating | 4 | |
| Lumber Harvesting | 2 | |
| Barrage | 1 | |
| Flying Machine Bombs | 1 | |
13 total
» buildings
| Altar of Kings | 1 | |
| Lumber Mill | 3 | |
| Farm | 11 | |
| Scout Tower | 15 | |
| Arcane Tower | 13 | |
| Guard Tower | 12 | |
| Keep | 1 | |
| Arcane Vault | 1 | |
| Blacksmith | 1 | |
| Castle | 2 | |
| Workshop | 3 | |
| Town Hall | 5 | |
68 total
» build order
00:04 Altar of Kings
00:18 Lumber Mill
00:33 Farm
01:04 Farm
01:11 Scout Tower
01:22 Scout Tower
01:40 Arcane Tower
01:40 Arcane Tower
01:58 Guard Tower
01:59 Guard Tower
02:28 Scout Tower
02:42 Keep
02:55 Arcane Vault
03:08 Guard Tower
03:08 Guard Tower
03:58 Farm
04:00 Blacksmith
04:23 Scout Tower
04:25 Scout Tower
05:31 Castle
05:31 Castle
05:49 Workshop
05:51 Workshop
06:13 Guard Tower
06:13 Guard Tower
07:58 Farm
08:16 Scout Tower
08:26 Scout Tower
08:26 Scout Tower
08:41 Town Hall
09:00 Arcane Tower
09:00 Arcane Tower
11:04 Workshop
11:44 Farm
12:38 Farm
12:39 Farm
12:40 Farm
14:45 Town Hall
15:32 Scout Tower
16:00 Arcane Tower
16:01 Arcane Tower
16:04 Scout Tower
16:35 Scout Tower
16:37 Guard Tower
16:38 Guard Tower
16:41 Scout Tower
17:12 Guard Tower
17:12 Guard Tower
18:18 Scout Tower
18:20 Scout Tower
19:23 Lumber Mill
19:46 Lumber Mill
20:44 Arcane Tower
20:44 Arcane Tower
20:44 Arcane Tower
23:10 Arcane Tower
23:10 Arcane Tower
23:11 Scout Tower
23:28 Farm
23:30 Farm
24:00 Farm
30:14 Town Hall
30:57 Town Hall
31:01 Town Hall
» items
| Scroll of Regeneration | 5 | |
| Lesser Clarity Potion | 9 | |
| Boots of Speed | 3 | |
| Staff of Teleportation | 3 | |
| Mechanical Critter | 2 | |
| Scroll of Town Portal | 2 | |
| Staff of Sanctuary | 3 | |
| Potion of Invisibility | 1 | |
| Potion of Healing | 4 | |
| Potion of Lesser Invulnerability | 3 | |
| Orb of Fire | 1 | |
| Orb of Venom | 1 | |
| Anti-magic Potion | 1 | |
38 total

»
Gx.Voo (
orange | 142 APM | 5365 actions | 37:40)
9 Demon Hunter
3 Mana Burn
3 Evasion
1 Metamorphosis
2 Immolation
» actions
| Assign group hotkey | 34 | |
| Basic commands | 506 | |
| Build / train | 112 | |
| ESC pressed | 1 | |
| Enter build submenu | 30 | |
| Enter hero's abilities submenu | 9 | |
| Give item / drop item | 4 | |
| Remove unit from queue | 1 | |
| Right click | 1288 | |
| Select / deselect | 446 | |
| Select group hotkey | 2772 | |
| Use ability | 154 | |
5365 total
» units
| Wisp | 29 | |
| Huntress | 3 | |
| Hippogryph | 5 | |
| Chimaera | 14 | |
51 total
» upgrades
| Reinforced Hides | 3 | |
| Corrosive Breath | 1 | |
| Nature's Blessing | 1 | |
| Strength of the Wild | 3 | |
8 total
» buildings
| Altar of Elders | 1 | |
| Moon Well | 12 | |
| Hunter's Hall | 1 | |
| Ancient of War | 1 | |
| Tree of Ages | 1 | |
| Ancient of Wind | 2 | |
| Ancient of Wonders | 1 | |
| Tree of Eternity | 1 | |
| Chimaera Roost | 3 | |
| Tree of Life | 2 | |
| Ancient Protector | 3 | |
28 total
» build order
00:08 Altar of Elders
00:20 Moon Well
01:44 Hunter's Hall
01:52 Ancient of War
02:16 Moon Well
03:24 Tree of Ages
05:06 Moon Well
05:51 Ancient of Wind
05:53 Ancient of Wind
07:42 Ancient of Wonders
07:55 Moon Well
07:57 Tree of Eternity
10:20 Chimaera Roost
10:21 Chimaera Roost
11:14 Moon Well
15:51 Tree of Life
18:08 Moon Well
18:11 Moon Well
18:13 Moon Well
18:15 Moon Well
19:18 Ancient Protector
19:19 Ancient Protector
19:26 Ancient Protector
19:50 Moon Well
19:52 Moon Well
22:51 Chimaera Roost
28:03 Tree of Life
28:28 Moon Well
» items
| Staff of Teleportation | 1 | |
| Boots of Speed | 1 | |
| Potion of Lesser Invulnerability | 5 | |
| Potion of Invisibility | 3 | |
| Dust of Appearance | 1 | |
| Potion of Healing | 8 | |
| Orb of Venom | 2 | |
| Scroll of Town Portal | 3 | |
| Scroll of Regeneration | 3 | |
| Anti-magic Potion | 1 | |
| Scroll of Healing | 1 | |
29 total
team 2 (winner)
BaGsOfDiRtYdIx (
teal | 46 APM | 1377 actions | 30:05)
2 Archmage
1 Blizzard
1 Brilliance Aura
» actions
| Assign group hotkey | 5 | |
| Basic commands | 2 | |
| Build / train | 81 | |
| ESC pressed | 3 | |
| Enter build submenu | 50 | |
| Enter hero's abilities submenu | 2 | |
| Right click | 643 | |
| Select / deselect | 451 | |
| Select group hotkey | 13 | |
| Use ability | 127 | |
1377 total
» units
| Peasant | 35 | |
| Dragonhawk Rider | 6 | |
| Sorceress | 1 | |
| Priest | 1 | |
43 total
» upgrades
| Masonry | 2 | |
| Lumber Harvesting | 1 | |
| Magic Sentry | 1 | |
| Priest Training | 1 | |
| Sorceress Training | 1 | |
6 total
» buildings
| Altar of Kings | 1 | |
| Farm | 6 | |
| Scout Tower | 52 | |
| Lumber Mill | 1 | |
| Arcane Tower | 2 | |
| Guard Tower | 15 | |
| Arcane Vault | 1 | |
| Town Hall | 2 | |
| Keep | 2 | |
| Arcane Sanctum | 1 | |
| Gryphon Aviary | 1 | |
| Castle | 1 | |
85 total
» build order
00:06 Altar of Kings
00:08 Farm
01:02 Scout Tower
01:17 Lumber Mill
01:27 Scout Tower
01:30 Arcane Tower
01:52 Scout Tower
02:16 Scout Tower
02:21 Guard Tower
02:27 Guard Tower
02:42 Scout Tower
03:18 Guard Tower
03:19 Scout Tower
03:56 Guard Tower
03:59 Scout Tower
04:37 Guard Tower
04:44 Farm
05:39 Scout Tower
06:07 Scout Tower
06:08 Scout Tower
06:12 Arcane Vault
07:41 Guard Tower
07:43 Scout Tower
07:45 Scout Tower
07:48 Scout Tower
08:17 Scout Tower
08:20 Scout Tower
08:21 Scout Tower
08:21 Scout Tower
08:59 Guard Tower
09:20 Town Hall
10:11 Arcane Tower
10:52 Scout Tower
10:54 Scout Tower
11:20 Guard Tower
11:22 Scout Tower
11:44 Scout Tower
11:45 Scout Tower
11:51 Guard Tower
12:35 Guard Tower
13:13 Keep
15:35 Arcane Sanctum
15:38 Gryphon Aviary
16:12 Scout Tower
16:13 Scout Tower
16:14 Scout Tower
16:15 Scout Tower
16:16 Scout Tower
16:17 Scout Tower
17:34 Town Hall
17:47 Farm
17:49 Farm
17:53 Farm
18:25 Scout Tower
18:29 Scout Tower
18:44 Scout Tower
18:50 Guard Tower
18:52 Guard Tower
18:54 Scout Tower
18:57 Scout Tower
18:58 Scout Tower
18:59 Scout Tower
19:08 Scout Tower
19:56 Guard Tower
20:39 Guard Tower
21:56 Keep
22:32 Scout Tower
22:33 Scout Tower
23:31 Guard Tower
24:17 Castle
24:24 Farm
24:56 Scout Tower
24:57 Scout Tower
24:58 Scout Tower
24:59 Scout Tower
25:01 Scout Tower
25:03 Scout Tower
25:04 Scout Tower
25:05 Scout Tower
25:06 Scout Tower
25:08 Scout Tower
25:12 Scout Tower
25:13 Scout Tower
25:13 Scout Tower
25:14 Scout Tower
» items
| Lesser Clarity Potion | 3 | |
| Scroll of Regeneration | 2 | |
| Staff of Teleportation | 1 | |
| Potion of Healing | 1 | |
| Orb of Lightning | 1 | |
| Boots of Speed | 1 | |
9 total
ChiefSitsOnDix (
green | 38 APM | 1441 actions | 37:41)
7 Blademaster
3 Wind Walk
3 Critical Strike
1 Bladestorm
» actions
| Assign group hotkey | 9 | |
| Basic commands | 15 | |
| Build / train | 64 | |
| ESC pressed | 2 | |
| Enter build submenu | 50 | |
| Enter hero's abilities submenu | 7 | |
| Give item / drop item | 4 | |
| Right click | 630 | |
| Select / deselect | 247 | |
| Select group hotkey | 204 | |
| Use ability | 209 | |
1441 total
» units
» upgrades
| Spiked Barricades | 1 | |
| Ranged Weapons | 2 | |
| Armor | 1 | |
| Liquid Fire | 1 | |
5 total
» buildings
| Altar of Storms | 2 | |
| Orc Burrow | 5 | |
| War Mill | 3 | |
| Watch Tower | 58 | |
| Voodoo Lounge | 2 | |
| Stronghold | 1 | |
| Great Hall | 1 | |
| Beastiary | 3 | |
| Fortress | 1 | |
76 total
» build order
00:09 Altar of Storms
00:23 Orc Burrow
00:37 War Mill
01:50 Orc Burrow
01:55 Watch Tower
02:16 Watch Tower
03:00 Watch Tower
03:26 Watch Tower
03:54 Watch Tower
04:01 Voodoo Lounge
05:00 Watch Tower
05:10 Stronghold
05:14 Watch Tower
05:59 Watch Tower
06:02 Watch Tower
06:12 Watch Tower
07:02 Orc Burrow
07:08 Orc Burrow
07:23 Watch Tower
07:24 Watch Tower
07:36 Great Hall
08:17 Watch Tower
08:20 Watch Tower
08:21 Watch Tower
08:24 Watch Tower
08:25 Watch Tower
08:26 Watch Tower
08:34 Watch Tower
09:07 Watch Tower
09:09 Watch Tower
09:11 Watch Tower
09:12 Watch Tower
09:14 Watch Tower
09:28 Watch Tower
09:30 Watch Tower
09:30 Watch Tower
09:31 Watch Tower
09:32 Watch Tower
09:57 Beastiary
10:10 Beastiary
11:10 Fortress
11:54 Watch Tower
11:55 Watch Tower
11:56 Watch Tower
15:17 Watch Tower
15:18 Watch Tower
15:23 Watch Tower
18:49 Watch Tower
18:50 Watch Tower
18:51 Watch Tower
18:52 Watch Tower
18:53 Watch Tower
18:53 Watch Tower
18:55 Watch Tower
18:56 Watch Tower
18:57 Watch Tower
18:58 Watch Tower
18:59 Watch Tower
19:00 Watch Tower
19:01 Watch Tower
19:02 Watch Tower
19:03 Watch Tower
19:05 Watch Tower
19:06 Watch Tower
19:07 Watch Tower
20:24 Watch Tower
20:28 Watch Tower
20:29 Watch Tower
20:30 Watch Tower
20:30 Watch Tower
20:43 Voodoo Lounge
20:51 Beastiary
25:09 War Mill
26:48 Orc Burrow
27:57 Altar of Storms
31:05 War Mill
» items
| Boots of Speed | 1 | |
| Staff of Teleportation | 1 | |
| Lesser Clarity Potion | 3 | |
| Healing Salve | 2 | |
| Orb of Lightning | 1 | |
| Potion of Mana | 6 | |
| Potion of Healing | 4 | |
| Potion of Lesser Invulnerability | 2 | |
20 total
IDrinkDaiquiris (
blue | 77 APM | 2886 actions | 37:40)
4 Archmage
2 Blizzard
2 Brilliance Aura
3 Mountain King
2 Storm Bolt
1 Bash
3 Paladin
2 Holy Light
1 Divine Shield
» actions
| Assign group hotkey | 15 | |
| Basic commands | 35 | |
| Build / train | 136 | |
| ESC pressed | 12 | |
| Enter build submenu | 58 | |
| Enter hero's abilities submenu | 10 | |
| Give item / drop item | 5 | |
| Remove unit from queue | 1 | |
| Right click | 1459 | |
| Select / deselect | 529 | |
| Select group hotkey | 414 | |
| Use ability | 211 | |
2886 total
» units
| Peasant | 23 | |
| Priest | 2 | |
| Sorceress | 2 | |
| Flying Machine | 23 | |
50 total
» upgrades
| Masonry | 3 | |
| Lumber Harvesting | 2 | |
| Magic Sentry | 1 | |
| Sorceress Training | 2 | |
| Priest Training | 2 | |
| Backpack | 1 | |
| Flak Cannons | 1 | |
| Barrage | 1 | |
| Plating | 1 | |
| Gunpowder | 1 | |
15 total
» buildings
| Altar of Kings | 1 | |
| Scout Tower | 72 | |
| Farm | 12 | |
| Lumber Mill | 1 | |
| Arcane Tower | 7 | |
| Guard Tower | 35 | |
| Keep | 1 | |
| Town Hall | 1 | |
| Arcane Sanctum | 1 | |
| Castle | 1 | |
| Arcane Vault | 1 | |
| Blacksmith | 1 | |
| Workshop | 3 | |
137 total
» build order
00:06 Altar of Kings
00:29 Scout Tower
00:35 Farm
01:01 Lumber Mill
01:09 Arcane Tower
01:31 Farm
01:40 Scout Tower
02:20 Guard Tower
02:22 Scout Tower
02:54 Guard Tower
02:57 Scout Tower
03:51 Guard Tower
03:55 Scout Tower
04:01 Scout Tower
04:43 Guard Tower
04:45 Scout Tower
04:47 Keep
04:49 Arcane Tower
05:01 Scout Tower
06:02 Town Hall
06:03 Scout Tower
06:09 Guard Tower
06:36 Guard Tower
07:04 Arcane Tower
07:39 Scout Tower
08:13 Guard Tower
08:17 Scout Tower
08:18 Scout Tower
08:44 Arcane Sanctum
09:18 Guard Tower
10:16 Scout Tower
10:22 Scout Tower
10:22 Scout Tower
10:23 Scout Tower
10:40 Scout Tower
10:46 Scout Tower
10:50 Guard Tower
10:54 Guard Tower
10:56 Scout Tower
11:03 Scout Tower
11:04 Scout Tower
11:05 Scout Tower
11:06 Scout Tower
11:10 Guard Tower
11:13 Guard Tower
11:14 Guard Tower
11:42 Castle
12:00 Scout Tower
12:02 Guard Tower
12:05 Guard Tower
12:10 Guard Tower
12:40 Guard Tower
13:07 Guard Tower
13:17 Scout Tower
13:18 Scout Tower
13:19 Scout Tower
13:21 Scout Tower
13:22 Scout Tower
13:23 Scout Tower
13:34 Farm
13:36 Farm
13:39 Farm
13:40 Farm
13:43 Arcane Vault
14:57 Guard Tower
15:32 Scout Tower
15:33 Scout Tower
15:34 Scout Tower
15:35 Scout Tower
15:36 Scout Tower
15:36 Scout Tower
15:41 Guard Tower
17:04 Guard Tower
19:46 Scout Tower
19:47 Scout Tower
19:48 Scout Tower
19:51 Scout Tower
19:51 Scout Tower
20:31 Arcane Tower
20:33 Guard Tower
21:22 Arcane Tower
21:23 Guard Tower
22:28 Scout Tower
22:29 Scout Tower
22:30 Scout Tower
22:31 Scout Tower
22:32 Scout Tower
22:59 Guard Tower
23:03 Guard Tower
23:07 Scout Tower
23:08 Scout Tower
23:08 Scout Tower
23:33 Guard Tower
23:42 Scout Tower
23:43 Scout Tower
23:44 Scout Tower
23:45 Scout Tower
23:45 Scout Tower
23:54 Scout Tower
23:55 Scout Tower
23:55 Scout Tower
23:59 Guard Tower
24:02 Guard Tower
24:06 Scout Tower
24:06 Scout Tower
24:07 Scout Tower
24:09 Scout Tower
24:09 Scout Tower
24:10 Scout Tower
24:10 Scout Tower
24:11 Scout Tower
24:12 Scout Tower
24:15 Guard Tower
24:41 Guard Tower
24:44 Scout Tower
25:08 Guard Tower
25:09 Arcane Tower
25:15 Guard Tower
25:20 Scout Tower
25:21 Scout Tower
25:30 Arcane Tower
25:32 Guard Tower
25:54 Guard Tower
26:46 Guard Tower
27:13 Blacksmith
28:26 Workshop
28:29 Workshop
30:05 Farm
30:05 Farm
30:10 Workshop
30:48 Farm
30:49 Farm
30:51 Farm
30:52 Farm
32:28 Scout Tower
32:28 Scout Tower
32:29 Scout Tower
» items
| Boots of Speed | 3 | |
| Healing Salve | 1 | |
| Staff of Teleportation | 3 | |
| Staff of Sanctuary | 3 | |
| Orb of Fire | 1 | |
| Potion of Invisibility | 1 | |
| Dust of Appearance | 1 | |
13 total
Chat log
(00:43 / Allies) BaGsOfDiRtYdIx: ugh
(00:45 / Allies) BaGsOfDiRtYdIx: hate this spot
(00:48 / Allies) BaGsOfDiRtYdIx: creeps get so angry
(00:58 / Allies) ChiefSitsOnDix: same down here
(01:05 / Allies) IDrinkDaiquiris: those are good spots you nubs
(02:05 / Allies) BaGsOfDiRtYdIx: scouted
(02:29 / Allies) ChiefSitsOnDix: aweesome
(02:47 / Allies) IDrinkDaiquiris: 2 nubelves and a hu
(03:00 / Allies) BaGsOfDiRtYdIx: help plz
(03:02 / Allies) IDrinkDaiquiris: militia
(03:04 / Allies) IDrinkDaiquiris: scrub
(06:35 / Allies) ChiefSitsOnDix: hm
(06:36 / Allies) ChiefSitsOnDix: blocked
(07:51 / Allies) IDrinkDaiquiris: tower up your bases a lil
(08:07 / Allies) IDrinkDaiquiris: they ar going to just ignore towers and fly over
(09:07 / Allies) BaGsOfDiRtYdIx: can i get 100 lumber?
(09:20 / Allies) ChiefSitsOnDix: I need gold for bats
(09:30 / Allies) BaGsOfDiRtYdIx: ugh
(09:34 / Allies) BaGsOfDiRtYdIx: they invising in
(11:24 / Allies) IDrinkDaiquiris: what
(11:25 / Allies) ChiefSitsOnDix: how
(11:28 / Allies) IDrinkDaiquiris: lvl 6 potm
(11:29 / Allies) ChiefSitsOnDix: is that level 6
(11:37 / Allies) IDrinkDaiquiris: tome of power from one of the reds
(11:38 / Allies) IDrinkDaiquiris: woot
(11:40 / Allies) IDrinkDaiquiris: this is over
(11:41 / Allies) ChiefSitsOnDix: or two
(13:01 / Allies) ChiefSitsOnDix: I need lumber
(14:26 / Allies) ChiefSitsOnDix: help
(16:18 / Allies) ChiefSitsOnDix: tanks
(16:27 / Allies) IDrinkDaiquiris: something
(16:28 / Allies) IDrinkDaiquiris: 2 wisps
(16:48 / Allies) IDrinkDaiquiris: need bats at teals right now
(17:19 / Allies) ChiefSitsOnDix: my shit is dead
(18:13 / Allies) BaGsOfDiRtYdIx: these guys definitly knew what they were doing....
(18:18 / Allies) ChiefSitsOnDix: yes
(18:24 / Allies) IDrinkDaiquiris: kunt and i rolled them in 2v2 a few times
(18:35 / Allies) ChiefSitsOnDix: feed me lumber
(19:22 / Allies) ChiefSitsOnDix: omw
(19:24 / Allies) IDrinkDaiquiris: anopther tome of power
(19:30 / Allies) ChiefSitsOnDix: welp
(20:07 / Allies) ChiefSitsOnDix: need more lumber
(20:08 / Allies) ChiefSitsOnDix: now
(20:19 / Allies) IDrinkDaiquiris: woot
(20:22 / Allies) BaGsOfDiRtYdIx: ive got none, had to rebuild :\
(20:56 / Allies) ChiefSitsOnDix: need help again
(21:01 / Allies) IDrinkDaiquiris: fuck off
(21:05 / Allies) IDrinkDaiquiris: i said staff
(21:16 / Allies) ChiefSitsOnDix: wow
(21:24 / Allies) ChiefSitsOnDix: good game
(25:26 / Allies) ChiefSitsOnDix: can I get that talisman
(28:00 / Allies) BaGsOfDiRtYdIx: go to tavern?
(28:14 / Allies) BaGsOfDiRtYdIx: nope :\
(28:24 / Allies) ChiefSitsOnDix: this game is long over
(29:08 / Allies) ChiefSitsOnDix: owl scout is very annoying
(30:05 / Allies) IDrinkDaiquiris: N O P E
(33:46 / Allies) ChiefSitsOnDix: starfall >>> gyros
(33:57 / Allies) IDrinkDaiquiris: 16k but no lumber
(33:58 / Allies) IDrinkDaiquiris: w e l p
(36:02 / Allies) ChiefSitsOnDix: why are we still in this?
(36:09 / Allies) IDrinkDaiquiris: b/c we are going to win
(36:40 / Allies) ChiefSitsOnDix: starfall in 15 minutes
(36:41 / Allies) ChiefSitsOnDix: is gay
(36:46 / Allies) IDrinkDaiquiris: v.
(37:35 / Allies) ChiefSitsOnDix: we never even saw that base